 Dungeon Crawl Stone Soup version 0.20.1-1-g8b1a95d (webtiles) character file.

511 Irenicus the Martial Artist (level 7, 0/46 HPs)
             Began as an Octopode Chaos Knight on Oct 20, 2017.
             Splashed by a jelly's acid (9 damage)
             ... on level 5 of the Dungeon.
             The game lasted 00:06:12 (3416 turns).

Irenicus the Martial Artist (Octopode Chaos Knight) Turns: 3416, Time: 00:06:13

Health: 0/46       AC: -10   Str: 11    XL:     7   Next: 19%
Magic:  7/7        EV: 14    Int: 14    God:    Xom [..*...]
Gold:   221        SH:  0    Dex: 14    Spells: 6/6 levels left

rFire    . . .     SeeInvis .     - Unarmed
rCold    . . .     Gourm    .   (no shield)
rNeg     . . .     Faith    .   w - +1 hat
rPois    .         Spirit   .   (no amulet)
rElec    .         Reflect  .   (no ring)
rCorr    .         Harm     .   (no ring)
MR       .....                  (no ring)
Stlth    ++........             (no ring)
Regen    0.2/turn               (no ring)
MPRegen  0.1/turn               (no ring)
                                (no ring)
                                (no ring)

@: corroded
A: almost no armour, stealthy swim, amphibious, 8 rings, constrict 8, camouflage
1, gelatinous body 1
a: Renounce Religion


You were on level 5 of the Dungeon.
You worshipped Xom.
You were a toy of Xom.
You were not hungry.

You visited 2 branches of the dungeon, and saw 6 of its levels.

You collected 221 gold pieces.

Inventory:

Missiles
 e - 3 tomahawks (quivered)
Armour
 w - a +1 hat (worn)
Scrolls
 b - a scroll of magic mapping {unknown}
 d - a scroll of enchant armour {unknown}
 k - 2 scrolls of remove curse
 m - 2 scrolls of identify
 o - a scroll of immolation {unknown}
 q - a scroll of teleportation {unknown}
 r - a scroll of enchant weapon {unknown}
 t - a scroll of recharging {unknown}
 u - a scroll of random uselessness {unknown}
Potions
 c - a potion of curing
 f - a potion of ambrosia
 g - 2 potions of lignification {unknown}
 h - 4 potions of degeneration {unknown}
 j - 2 potions of agility {unknown}
 l - 2 potions of might {unknown}
 n - a potion of berserk rage {unknown}
 p - a potion of haste {unknown}
 v - a potion of magic {unknown}
 z - a potion of heal wounds {unknown}
Comestibles
 a - 3 bread rations
 i - 3 meat rations
 s - 3 fruits
 x - a royal jelly


   Skills:
 - Level 3.0 Fighting
 - Level 2.3 Dodging
 + Level 8.0 Unarmed Combat


You had 6 spell levels left.
You didn't know any spells.

Dungeon Overview and Level Annotations

Branches:
Dungeon (5/15)             Temple (1/1) D:4

Altars:
Gozag
Hepliaklqana
Qazlal
Ru
Xom

Shops:
D:4 ?


Innate Abilities, Weirdness & Mutations

You cannot wear most types of armour.
You are very stealthy in the water. (Stealth+)
You are amphibious.
You can wear up to eight rings at the same time.
You can use your tentacles to constrict eight enemies at once.
Your skin changes colour to match your surroundings (Stealth+).
Your rubbery body absorbs attacks. (AC +1, EV +1)


Message History

A jackal comes into view.
The helpless jelly fails to defend itself.
You bludgeon the jelly!
Your tentacles burn!
The jelly is heavily wounded.
The jelly barely misses you.
You tentacle-slap the jelly. The acid corrodes you!
Your tentacles burn!
The jelly is severely wounded.
The jackal barks!
The jelly hits you. The acid corrodes you!
You are splashed with acid!
The acid burns!
* * * LOW HITPOINT WARNING * * *
You tentacle-slap the jelly but do no damage.
Your tentacles burn!
* * * LOW HITPOINT WARNING * * *
The jelly is severely wounded.
The jelly hits you.
* * * LOW HITPOINT WARNING * * *
The acid corrodes you!
You are splashed with acid!
The acid burns!
You die...
Xom giggles madly!

.#.#########
..h...J@...#
...#######.#
## #.# ..##.#
#.##.# #.##.#
#.##.# #)##.#
.#
####.##.#####


You could see a jelly and a jackal.

Vanquished Creatures
  A centaur (D:5)
  A scorpion (D:4)
  A howler monkey (D:3)
  A jelly (D:4)
  2 hounds (D:4)
  2 orc priests (D:4)
  2 worker ants (D:4)
  A hound skeleton (D:4)
  4 adders
  3 worms
  3 leopard geckos
  7 orcs
  4 giant cockroaches
  8 hobgoblins
  4 jackals
  3 quokkas
  5 bats
  6 frilled lizards
  8 goblins
  7 kobolds
  A rat (D:1)
74 creatures vanquished.

Vanquished Creatures (collateral kills)
  A bullfrog skeleton (D:4)
1 creature vanquished.

Grand Total: 75 creatures vanquished

Notes
Turn   | Place    | Note
-------+----------+-------------------------------------------
     0 | D:1      | Irenicus the Octopode Chaos Knight began the quest for the Orb.
     0 | D:1      | Reached XP level 1. HP: 16/16 MP: 1/1
   128 | D:1      | XOM: potion effect (brilliance)
   130 | D:1      | Reached XP level 2. HP: 16/21 MP: 2/2
   163 | D:1      | XOM: divination: detect items
   508 | D:2      | Reached skill level 4 in Unarmed Combat
   549 | D:2      | Reached XP level 3. HP: 25/26 MP: 3/3
   589 | D:2      | XOM: silly message
   620 | D:2      | Found a sacrificial altar of Ru.
   643 | D:2      | XOM: butterfly on damage
   932 | D:2      | Reached XP level 4. HP: 29/31 MP: 4/4
  1039 | D:2      | XOM: god gift: scroll labeled ROEMMUR ARO {god gift}
  1042 | D:2      | XOM: cloud trail
  1045 | D:3      | Found a stormy altar of Qazlal.
  1098 | D:3      | XOM: scenery: 1 doors open
  1203 | D:3      | Reached skill level 5 in Unarmed Combat
  1519 | D:3      | Reached XP level 5. HP: 22/36 MP: 5/5
  1658 | D:3      | XOM: harmless Air miscast
  1867 | D:4      | XOM: mild Necr miscast
  1870 | D:4      | XOM: enchant monster (good)
  1892 | D:4      | Found a staircase to the Ecumenical Temple.
  1901 | Temple   | Entered the Ecumenical Temple
  2017 | D:4      | XOM: harmless Tloc miscast
  2023 | D:4      | Reached skill level 6 in Unarmed Combat
  2058 | D:4      | XOM: summons 4 friendly demons
  2124 | D:4      | Reached XP level 6. HP: 6/42 MP: 6/6
  2354 | D:4      | Reached skill level 7 in Unarmed Combat
  2366 | D:4      | Found Tadgh's Magic Scroll Shop.
  2765 | D:4      | XOM: scenery: create altars
  2791 | D:4      | XOM: noise
  3084 | D:4      | Reached XP level 7. HP: 40/46 MP: 7/7
  3093 | D:5      | Entered Level 5 of the Dungeon
  3110 | D:5      | Found a hazy altar of Hepliaklqana.
  3315 | D:5      | Reached skill level 8 in Unarmed Combat
  3380 | D:5      | Found an opulent altar of Gozag.
  3416 | D:5      | Splashed by a jelly's acid

Skill      XL: |  1  2  3  4  5  6  7 |
---------------+----------------------+-----
Unarmed Combat | 4 5 6 7 8 |  8.0
Fighting       | |  3.0
Dodging        | |  2.3

Action                   |  1- 3 |  4- 6 |  7- 9 || total
-------------------------+-------+-------+-------++-------
Melee: Unarmed           |    91 |    97 |     7 ||   195
       Constrict         |    19 |    23 |       ||    42
       Tentacles         |     6 |    15 |       ||    21
       Punch             |     1 |     6 |       ||     7
Throw: Tomahawk          |     9 |     2 |       ||    11
  Use: Potion            |       |     1 |       ||     1
       Scroll            |       |       |     2 ||     2
 Stab: Sleeping          |     3 |     5 |     1 ||     9
       Distracted        |       |     1 |       ||     1
  Eat: Chunk             |       |     6 |     2 ||     8
Armor: Skin              |    12 |     4 |       ||    16
Dodge: Dodged            |    50 |    39 |     5 ||    94
